Map: Dusty Gorge

Players

PureLegacy - Winner!

  • Race: Terran Terran
  • Spawn Location: 11:00

JanSobieski - Winner!

  • Race: Protoss Protoss
  • Spawn Location: 9:00

IllIlllIIIlI

  • Race: Terran Terran
  • League: Master
  • Spawn Location: 3:00

nicekiller

  • Race: Zerg Zerg
  • Spawn Location: 5:00

VOD

Have the link to the VOD?

Description

Time

  • Played on: Nov. 28, 2018, 5:50 p.m.
  • Length: 4:02
Show
View Real Time Build Order
Export as new Build Order

PureLegacy Terran - Winner!

Build Orders:  

Get SALT Encoding   

  12  0:02  SCV  
  13  0:15  SCV  
  13  0:20  Supply Depot  
  14  0:27  SCV  
  15  0:30  Refinery  
  15  0:42  SCV  
  16  0:47  Barracks  
  16  0:54  SCV  
  17  1:06  Barracks  
  17  1:17  Barracks  
  17  1:22  SCV  
  18  1:40  Reaper  
  18  1:41  Orbital Command  
  19  1:54  Refinery, Reaper  
  20  2:02  Supply Depot  
  20  2:07  Reaper  
  21  2:13  Reaper  
  22  2:21  SCV  
  23  2:27  Reaper  
  23  2:28  Supply Depot  
  24  2:33  SCV  
  25  2:44  Reaper  
  25  2:46  SCV  
  25  2:50  Reaper  
  28  3:00  SCV  
  28  3:04  Command Center  
  29  3:08  Reaper  
  30  3:13  SCV  
  30  3:16  Reaper  
  32  3:24  Reaper  
  33  3:32  Barracks  
  33  3:39  Barracks  
Show
View Real Time Build Order
Export as new Build Order

JanSobieski Protoss - Winner!

Build Orders: Oracle Opening 

Get SALT Encoding   

  12  0:00  Probe  
  13  0:12  Probe  
  14  0:19  Pylon  
  14  0:24  Probe  
  15  0:37  Probe  
  15  0:42  Gateway  
  16  0:47  Assimilator  
  16  0:49  Probe  
  17  0:57  Assimilator  
  17  1:01  Probe  
  18  1:09  Probe  
  18  1:12  Gateway  
  18  1:18  Probe  
  20  1:27  Probe  
  21  1:34  Cybernetics Core  
  21  1:39  Probe  
  22  1:51  Probe  
  23  1:56  Pylon  
  23  2:06  Adept  
  23  2:07  Adept  
  27  2:17  Stargate  
  27  2:28  Pylon  
  27  2:32  Adept  
  28  2:40  Adept  
  30  2:47  Probe  
  30  2:51  Oracle  
  34  3:07  Pylon  
  34  3:15  Adept x2  
Show
View Real Time Build Order
Export as new Build Order

IllIlllIIIlI Terran 

Build Orders:  

Get SALT Encoding   

  12  0:00  SCV  
  13  0:13  SCV  
  14  0:18  Supply Depot  
  14  0:25  SCV  
  15  0:40  SCV  
  15  0:42  Barracks  
  16  0:48  Refinery  
  16  0:52  SCV  
  17  1:00  Barracks  
  17  1:04  SCV  
  18  1:16  SCV  
  19  1:28  Orbital Command  
  19  1:31  Reaper  
  20  1:37  Barracks  
  20  1:45  Refinery  
  20  1:50  Reaper  
  21  1:57  Supply Depot  
  21  2:00  SCV  
  22  2:10  Reaper  
  23  2:19  SCV  
  23  2:22  Reaper  
  25  2:31  SCV  
  25  2:34  Reaper  
  25  2:36  Barracks  
  27  2:41  Barracks  
  27  2:42  Supply Depot  
  27  2:45  SCV  
  27  2:47  Reaper  
  29  2:56  Reaper  
  30  3:00  SCV  
  30  3:05  Supply Depot  
  31  3:06  Reaper  
  31  3:12  SCV  
  33  3:19  Reaper  
  34  3:27  Supply Depot  
Show
View Real Time Build Order
Export as new Build Order

nicekiller Zerg 

Build Orders: Pool First, Zergling Baneling 

Get SALT Encoding   

  12  0:01  Drone  
  13  0:12  Overlord  
  13  0:18  Drone  
  14  0:31  Drone x2  
  16  0:35  Drone  
  17  0:45  Extractor  
  17  0:47  Drone  
  17  0:54  Spawning Pool  
  17  0:56  Drone  
  17  1:11  Drone  
  18  1:22  Drone  
  19  1:30  Hatchery  
  18  1:41  Queen  
  18  1:46  Metabolic Boost  
  20  1:50  Drone  
  21  1:56  Overlord  
  21  2:05  Drone  
  22  2:16  Drone, Queen  
  25  2:24  Baneling Nest  
  25  2:26  Zergling x2  
  25  2:28  Zergling x2  
  26  2:35  Zergling x2  
  27  2:45  Zergling x4  
  27  2:49  Zergling x2  
  30  2:52  Overlord  
  30  2:55  Zergling x4  
  32  3:01  Zergling x2  
  33  3:07  Zergling x2  
  33  3:11  Zergling x2  
  35  3:15  Zergling x2  
  36  3:21  Baneling x4  
  36  3:22  Baneling x2  
  36  3:23  Baneling x2  
  36  3:25  Zergling x2  
  37  3:33  Zergling x2  
  37  3:34  Zergling x4  
Tags
 
Add a new tag
Caveats
  • Supply blocks, unpowered buildings, or Contaminate may cause inaccurate times.
  • Supply counts are checked every 10 seconds.